 Dungeon Crawl Stone Soup version 0.31-a0-986-g5e6e4ef867 (webtiles) character file.

Game seed: 8034021040631634150

81 Crabhammer the Insei (level 4, -4/42 HPs)
             Began as an Octopode Shapeshifter on Nov 21, 2023.
             Blown up by Ijyb (12 damage)
             ... with a mindburst bolt
             ... on level 3 of the Dungeon on Nov 22, 2023.
             The game lasted 00:06:48 (2155 turns).

Crabhammer the Insei (Octopode Shapeshifter)        Turns: 2155, Time: 00:06:49

Health: -4/42      AC: 22    Str: 13    XL:     4   Next: 42%
Magic:  13/13      EV:  2    Int: 12    God:
Gold:   99         SH:  0    Dex: 13    Spells: 3/3 levels left

rFire   . .          .
                       - Unarmed
rCold   . . .        (no shield)
rNeg    . . .        (helmet currently unavailable)
rPois   +            (no amulet)
rElec   .            i - +5 ring of evasion
rCorr   .            j - ring of magical power
SInv    .            (no ring)
Will    .....        (no ring)
Stlth   ++           (no ring)
HPRegen 0.27/turn    (no ring)
MPRegen 0.13/turn    (no ring)
                     (no ring)

%: no passive effects
@: tree-form
A: stationary, stasis, torment immunity, boosted hp, almost no armour,
(amphibious), 8 rings, (camouflage 1), (gelatinous body 1), (nimble swimmer 1),
(tentacles)
a: no special abilities


You were on level 3 of the Dungeon.
You were a tree.
You visited 1 branch of the dungeon, and saw 3 of its levels.

You collected 99 gold pieces.

Inventory:

Missiles
 g - 8 poisoned darts
 m - 2 boomerangs
Jewellery
 i - a +5 ring of evasion (left branch)
 j - a ring of magical power (right branch)
 p - a +4 ring of protection
Talismans
 b - a beast talisman
 c - a flux talisman
Scrolls
 f - 5 scrolls of identify {unknown}
 l - a scroll of enchant weapon {unknown}
 n - a scroll of teleportation {unknown}
 q - a scroll of noise {unknown}
Potions
 d - 2 potions of attraction {unknown}
 e - a potion of might {unknown}
 h - a potion of enlightenment {unknown}
 k - a potion of brilliance {unknown}
 o - a potion of magic {unknown}


   Skills:
 - Level 1.2 Fighting
 - Level 2.2 Dodging
 - Level 1.0 Stealth
 * Level 4.3 Unarmed Combat
 + Level 3.4 Shapeshifting


You had 3 spell levels left.
You didn't know any spells.
Your spell library contained the following spells:

 Spells                   Type           Power      Damage    Failure   Level
 Cigotuvi's Dreadful Rot  Necr/Pois/Air  0%         N/A       45%         2
 Ignite Poison            Fire/Tmut/Pois 0%         N/A       69%         3
 Freezing Cloud           Conj/Ice/Air   0%         6-21      100%        5


Dungeon Overview and Level Annotations

Branches:
Dungeon (3/15)

Altars:

Annotations:
D:3 Ijyb


Innate Abilities, Weirdness & Mutations

You are a tree.
Your roots penetrate the ground, keeping you stationary.
You cannot be teleported.
You are immune to unholy pain and torment.
Your maximum health is greatly increased.
You cannot wear most types of armour.
((You are amphibious.))
You can wear up to eight rings at the same time.
((Your skin changes colour to match your surroundings (Stealth+).))
((Your rubbery body absorbs attacks. (AC +1, EV +1)))
((You are camouflaged when in or above water. (Stealth+)))
((You have tentacles for arms and can constrict up to eight enemies at once.))


Message History

You kill the orc!
Things that are here:
a +0 dagger; a +0 scale mail You see here a +0 club.
A rat comes into view.
You see here a scroll labelled KEUKKO ISYPAYD.
You see here a scroll labelled KEUKKO ISYPAYD.
f - 5 scrolls labelled KEUKKO ISYPAYD (gained 1)
The helpless rat fails to defend itself.
You tentacle-slap the rat.
You kill the rat!
Found an escape hatch in the ceiling.
You now have 99 gold pieces (gained 8).
A rat comes into view.
The helpless rat fails to defend itself.
You bludgeon the rat!
You kill the rat!
You see here a rat corpse.
There is an escape hatch in the ceiling here.
p - a +4 ring of protection A frilled lizard comes into view.
The helpless frilled lizard fails to defend itself.
You tentacle-slap the frilled lizard.
You kill the frilled lizard!
You see here a frilled lizard corpse.
Found 3 stones.
q - a scroll labelled CEBUFAEGUP You see here a +0 cloak.
Ijyb the Twisted Goblin comes into view.
She is wielding a +0 dagger and carrying a wand of mindburst.
Ijyb shouts!
Ijyb zaps a wand.
Your mind is blasted!
Ouch! That really hurt!
Okay, then.
Your transformation has ended.
You turn into a tree.
Your roots penetrate the ground.
Ijyb zaps a wand.
Your mind is blasted!
* * * LOW HITPOINT WARNING * * *
Unknown command.
Ijyb zaps a wand.
Your mind is blasted!
You die...

#########
........#
####g#
#.♣#.#
#...g#
##.###
#.# #.#
#[# ###
#.# #..
#.##.#
#####.#
#.##.#
#.....#


You could see Ijyb.

Vanquished Creatures
  2 adders (D:2)
  A worm (D:2)
  3 dart slugs
  5 orcs (D:3)
  6 endoplasms
  3 giant cockroaches
  4 goblins
  3 hobgoblins
  3 quokkas (D:1)
  4 ball pythons
  6 bats (D:1)
  3 frilled lizards
  2 kobolds
  3 rats
48 creatures vanquished.

Notes
Turn   | Place    | Note
-------+----------+-------------------------------------------
     0 | D:1      | Crabhammer the Octopode Shapeshifter began the quest for
                  | the Orb.
     0 | D:1      | Reached XP level 1. HP: 13/13 MP: 1/1
    90 | D:1      | Reached XP level 2. HP: 17/18 MP: 2/2
   453 | D:1      | Reached skill level 1 in Stealth
   560 | D:1      | Reached XP level 3. HP: 20/23 MP: 3/3
  1197 | D:2      | Reached skill level 4 in Unarmed Combat
  1197 | D:2      | Reached XP level 4. HP: 28/28 MP: 4/4
  2149 | D:3      | Noticed Ijyb
  2155 | D:3      | Blown up by Ijyb

Illustrated notes

Levels and vault maps discovered:
D:1:      wander_arrival_fairy_ring, layout_basic
D:2:      layout_basic
D:3:      layout_basic, uniq_ijyb, uniq_jessica

Skill      XL: |  1  2  3 |
---------------+----------+-----
Stealth        | 1 |  1.0
Unarmed Combat | 4 |  4.3
Fighting       | |  1.2
Dodging        | |  2.2
Shapeshifting  | |  3.4

Action                     |  1- 3 |  4- 6 || total
---------------------------+-------+-------++-------
  Melee: Unarmed           |    70 |    15 ||    85
         Constrict         |    17 |     3 ||    20
         Tentacles         |    11 |     2 ||    13
         Punch             |     1 |       ||     1
    Use: Potion            |       |     1 ||     1
   Stab: Sleeping          |     8 |     4 ||    12
 Armour: Skin              |    21 |     3 ||    24
  Dodge: Dodged            |    41 |     8 ||    49

Table legend: (Time is in decaauts)
 A = Elapsed time spent in this place.
 B = Non-inter-level travel time spent in this place.
 C = Inter-level travel time spent in this place.
 D = Time resting spent in this place.
 E = Time spent auto-exploring this place.
 F = Levels seen in this place.
 G = Mean time per level.
                   A        B        C        D        E       F      G
               +--------+--------+--------+--------+--------+-----+--------+
         Total |   2148 |   2084 |     64 |     89 |   1559 |   3 |  716.0 |
       Dungeon |   2148 |   2084 |     64 |     89 |   1559 |   3 |  716.0 |
               +--------+--------+--------+--------+--------+-----+--------+

Top non-repeatable levels by time:
     D:2: 1020 daAuts
     D:1: 806 daAuts
     D:3: 320 daAuts
